 Dungeon Crawl Stone Soup version 0.29.1-13-g9f3cf754e1 (webtiles) character file.

Game seed: 17504010601904785499

2065 theswoord the Cruncher (level 9, 0/61 HPs)
             Began as a Demonspawn Gladiator on Jan 23, 2023.
             Slain by an orc warrior
             ... wielding a +0 halberd
              (13 damage)
             ... in a bailey.
             The game lasted 00:07:54 (5785 turns).

theswoord the Cruncher (Demonspawn Gladiator)       Turns: 5785, Time: 00:07:55

Health: 0/61       AC: 11    Str: 17 (18) XL:     9   Next: 5%
Magic:  18/18      EV:  8    Int: 13 (14) God:
Gold:   388        SH:  4    Dex: 13      Spells: 8/8 levels left

rFire   . . .      SeeInvis .   a - +0 quarterstaff
rCold   . . .      Faith    .   (shield currently unavailable)
rNeg    . . .      Spirit   .   m - +0 chain mail
rPois   +          Reflect  .   c - +1 helmet
rElec   .          Harm     .   (no cloak)
rCorr   .          Rampage  .   u - +0 pair of gloves
Will    .....                   (boots unavailable)
Stlth   ..........              (no amulet)
HPRegen 0.20/turn               o - ring of magical power
MPRegen 0.16/turn               (no ring)

@: mighty
A: hooves 3, spiny 1, sturdy frame 1, condensation shield, clever 1,
deterioration 1, poison resistance, noise suppression
a: no special abilities


You were in a bailey.
You visited 1 branch of the dungeon, and saw 7 of its levels.
You also visited: Bailey.

You collected 388 gold pieces.

Inventory:

Hand Weapons
 a - a +0 quarterstaff (weapon)
Missiles
 d - 3 throwing nets (quivered)
 e - 5 javelins
Armour
 b - a +0 leather armour
 c - a +1 helmet (worn)
 g - a +0 scale mail
 m - a +0 chain mail (worn)
 p - the +2 cloak of the Thief {*Fog Slay-2 SInv Stlth+}
   (You found it on level 3 of the Dungeon)

   It may release a thick cloud of smoke when the wearer is hurt.
   Slay:      It affects your accuracy & damage with ranged weapons and melee
   (-2).
   SInv:      It lets you see invisible.
   Stlth:     It makes you more stealthy.
 u - a +0 pair of gloves (worn)
Jewellery
 f - an amulet of regeneration
 o - a ring of magical power (left hand)
Wands
 i - a wand of digging (1)
Scrolls
 h - 6 scrolls of identify
 k - a scroll of enchant armour
 n - 2 scrolls of teleportation
Potions
 l - a potion of might
 q - a potion of curing
 r - 4 potions of lignification {unknown}
 s - a potion of heal wounds {unknown}
 t - 2 potions of attraction {unknown}
 v - a potion of cancellation {unknown}


   Skills:
 - Level 2.0 Fighting
 + Level 11.2 Staves
 - Level 1.7 Throwing
 - Level 2.6 Dodging


You had 8 spell levels left.
You didn't know any spells.
Your spell library was empty.

Dungeon Overview and Level Annotations

Branches:
Dungeon (7/15)             Temple (0/1) D:7          Bailey (1/1)

Altars:
Ashenzari
Dithmenos
Gozag
Makhleb

Shops:
D:2 (::


Innate Abilities, Weirdness & Mutations

You have hooves in place of feet.
You are partially covered in sharp spines.
Your movements are slightly less encumbered by armour. (ER -2)
A meltable shield of frost defends you. (SH +4)
Your mind is acute. (Int +4, Str/Dex -1)
Your body sometimes deteriorates upon taking damage.
Your system is resistant to poisons. (rPois)
You passively dampen the noise of your surroundings.


Message History

The orc hits you but does no damage.
The orc warrior hits you from afar with a +0 halberd!
You sock the orc warrior! Your kick misses the orc warrior.
The orc warrior is moderately wounded.
The orc warrior hits you with a +0 war axe.
The orc hits you from afar with a +0 trident.
The orc warrior hits you from afar with a +0 halberd!
* * * LOW HITPOINT WARNING * * *
Your body deteriorates!
You feel dopey. The orc hits you but does no damage.
You miss the orc warrior. You kick the orc warrior.
The orc warrior is heavily wounded.
You bludgeon the orc warrior!!
You kill the orc warrior!
The orc barely misses you.
The orc warrior hits you from afar with a +0 halberd!
* * * LOW HITPOINT WARNING * * *
The orc hits you but does no damage. You block the orc's attack.
The orc warrior is struck by your spines.
The orc warrior hits you with a +0 halberd.
* * * LOW HITPOINT WARNING * * *
You block the orc's attack.
Things that are here:
a +0 war axe; an orc corpse Sorry, you're not good enough to have a special ability.
It was a potion of curing.
You feel better. You block the orc's attack.
The orc warrior is struck by your spines.
The orc warrior closely misses you. The orc closely misses you.
You barely miss the orc warrior. You kick the orc warrior.
The orc warrior is heavily wounded.
The orc barely misses you. The orc hits you with a +0 trident.
* * * LOW HITPOINT WARNING * * *
The orc warrior hits you with a +0 halberd!
* * * LOW HITPOINT WARNING * * *
Your body deteriorates!
You feel weakened.
The orc hits you from afar with a +0 trident.
* * * LOW HITPOINT WARNING * * *
You feel better. The orc barely misses you.
The orc warrior hits you with a +0 halberd!
You die...

###+##
##.....##
#.......#
......# #
..o.o# #.
#.#oo#
#.##8##@#
#..#.#..#
#.......#
#.......#
#∩.....∩#
#.......#
##..∩..##
#######


You could see an orc warrior and 3 orcs.

Vanquished Creatures
  Grinder (D:5)
  Prince Ribbit (D:5)
  Sigmund (D:2)
  2 black bears
  An orc warrior (Bailey)
  2 ice beasts (D:6)
  2 phantoms
  A kobold brigand (D:6)
  A bullfrog (D:6)
  2 scorpions
  A necrophage (D:5)
  3 wights (D:6)
  2 howler monkeys
  An orc priest (D:3)
  A hound (D:5)
  A gnoll bouda (D:6)
  An iguana (D:5)
  An orc wizard (D:3)
  A mummy (D:6)
  3 gnolls (D:6)
  4 adders
  2 white imps (D:6)
  An ufetubus (D:5)
  3 dart slugs
  14 orcs
  14 ball pythons
  An endoplasm (D:3)
  3 giant cockroaches
  9 goblins
  8 hobgoblins
  7 jackals (D:2)
  14 kobolds
  2 quokkas
  7 bats
  5 frilled lizards
  4 orc zombies (D:6)
  21 rats
148 creatures vanquished.

Notes
Turn   | Place    | Note
-------+----------+-------------------------------------------
     0 | D:1      | theswoord the Demonspawn Gladiator began the quest for the
                  | Orb.
     0 | D:1      | Reached XP level 1. HP: 16/16 MP: 1/1
    97 | D:1      | Reached skill level 3 in Staves
   279 | D:1      | Gained mutation: You are partially covered in sharp spines.
                  | [demonic ancestry]
   279 | D:1      | Reached XP level 2. HP: 21/22 MP: 2/2
  1020 | D:1      | Gained mutation: You have large cloven feet. [demonic
                  | ancestry]
  1020 | D:1      | Reached XP level 3. HP: 27/27 MP: 3/3
  1253 | D:2      | Noticed Sigmund
  1255 | D:2      | Reached skill level 4 in Staves
  1260 | D:2      | Killed Sigmund
  1261 | D:2      | Reached skill level 5 in Staves
  1261 | D:2      | Gained mutation: Your movements are slightly less
                  | encumbered by armour. (ER -2) [demonic ancestry]
  1261 | D:2      | Reached XP level 4. HP: 26/33 MP: 4/4
  1261 | D:2      | Reached XP level 5. HP: 30/38 MP: 5/5
  1331 | D:2      | Found Nilucw's Book Shop.
  1334 | D:2      | Found Yxuoduyh's Book Emporium.
  1751 | D:2      | Found Anuw's Weapon Shop.
  1852 | D:2      | Reached skill level 6 in Staves
  2178 | D:3      | Gained mutation: You have hoof-like feet. [demonic
                  | ancestry]
  2178 | D:3      | Reached XP level 6. HP: 42/44 MP: 6/6
  2351 | D:3      | Found the +2 cloak of the Thief {*Fog Slay-2 SInv Stlth+}
  2460 | D:3      | Found a shadowy altar of Dithmenos.
  2688 | D:3      | Found an opulent altar of Gozag.
  2735 | D:4      | Reached skill level 7 in Staves
  2780 | D:4      | Gained mutation: You are frail. (-10% HP) [potion of
                  | mutation]
  2780 | D:4      | Gained mutation: Your spells are a little harder to cast,
                  | but a little more powerful. [potion of mutation]
  2781 | D:4      | Lost mutation: You are frail. (-10% HP) [potion of
                  | mutation]
  2781 | D:4      | Lost mutation: Your spells are a little harder to cast, but
                  | a little more powerful. [potion of mutation]
  2781 | D:4      | Gained mutation: Your system is resistant to poisons.
                  | (rPois) [potion of mutation]
  2781 | D:4      | Gained mutation: Your body sometimes deteriorates upon
                  | taking damage. [potion of mutation]
  2781 | D:4      | Gained mutation: You have hidden genetic potential. [potion
                  | of mutation]
  2839 | D:4      | Found a broken altar of Ashenzari.
  3284 | D:5      | Entered Level 5 of the Dungeon
  3313 | D:5      | Noticed Prince Ribbit
  3321 | D:5      | Killed Prince Ribbit
  3322 | D:5      | Gained mutation: You have hooves in place of feet. [demonic
                  | ancestry]
  3322 | D:5      | Reached XP level 7. HP: 18/50 MP: 7/7
  3324 | D:5      | Reached skill level 8 in Staves
  3328 | D:5      | Gained mutation: Your mind is acute. (Int +4, Str/Dex -1)
                  | [hidden potential]
  3677 | D:5      | Found a burning altar of Makhleb.
  3774 | D:5      | Noticed Grinder
  3781 | D:5      | Killed Grinder
  3782 | D:5      | Reached skill level 9 in Staves
  3782 | D:5      | Gained mutation: A meltable shield of frost defends you.
                  | (SH +4) [demonic ancestry]
  3782 | D:5      | Reached XP level 8. HP: 56/56 MP: 8/8
  4414 | D:6      | Gained mutation: You passively dampen the noise of your
                  | surroundings. [hidden potential]
  4414 | D:6      | Lost mutation: You have hidden genetic potential. [hidden
                  | potential expressed]
  4508 | D:6      | Reached skill level 10 in Staves
  4749 | D:6      | HP: 3/69 [wight/+0 flail (4)]
  5279 | D:6      | Reached skill level 11 in Staves
  5551 | D:6      | Reached XP level 9. HP: 56/61 MP: 9/9
  5741 | D:7      | Found a flagged portal.
  5749 | Bailey   | Entered a bailey
  5784 | Bailey   | HP: 3/61 [orc/+0 trident (1)]
  5785 | Bailey   | Slain by an orc warrior

Skill      XL: |  1  2  3  4  5  6  7  8 |
---------------+-------------------------+-----
Staves         | 3 5 6 7 9 11 | 11.2
Fighting       | |  2.0
Throwing       | |  1.7
Dodging        | |  2.6

Action                   |  1- 3 |  4- 6 |  7- 9 || total
-------------------------+-------+-------+-------++-------
Melee: Quarterstaff      |    77 |   139 |   139 ||   355
       Kick              |     1 |    24 |    43 ||    68
  Use: Scroll            |       |    10 |     2 ||    12
       Potion            |       |     2 |     4 ||     6
Armor: Leather armour    |    18 |       |       ||    18
       Scale mail        |    16 |    46 |       ||    62
       Chain mail        |       |     1 |    51 ||    52
Dodge: Dodged            |    42 |    59 |    57 ||   158
Block: Other             |       |       |    19 ||    19

Levels and vault maps discovered:
D:1:      doesnt_arrival_eight_statues, layout_basic, serial_bayou,
          serial_bayou_crossing, serial_bayou_lake_a, serial_bayou_pond_c,
          serial_bayou_lagoon_a
D:2:      layout_rooms, serial_shops, nicolae_square_shop,
          nicolae_shop_bloodbath_and_beyond, shop, minmay_rat_hole, uniq_sigmund
D:3:      layout_rooms, nicolae_dithmenos_the_darkroom,
          pdpol_temple_overflow_zin_treasury_gozag_greed
D:4:      layout_layer_cave, mainiacjoe_overflow_tiny_flanked
D:5:      layout_loops_cross, general_overflow_altar, uniq_grinder,
          uniq_prince_ribbit1
D:6:      layout_cave_pools, minmay_mini_ossuary
D:7:      layout_loops_corners, nicolae_uskayaw_dance_studio,
          trog_three_pillars_becter, minmay_temple_entry_enclosed_plants,
          enter_bailey_3
Bailey:   bailey_polearm_5, bailey
